 Dungeon Crawl Stone Soup version 0.28-a0-1506-g3893175d92 (webtiles) character file.

Game seed: 10161585878697356278

46 fragbeetle the Digger (level 3, -4/20 HPs)
             Began as a Gargoyle Earth Elementalist on Jan 14, 2022.
             Slain by Ijyb (5 damage)
             ... while paralysed by Ijyb
             ... on level 3 of the Dungeon.
             The game lasted 00:02:34 (1875 turns).

fragbeetle the Digger (Gargoyle Earth Elementalist) Turns: 1875, Time: 00:02:35

Health: -4/20      AC:  5    Str: 13    XL:     3   Next: 68%
Magic:  1/6        EV:  2    Int: 15    God:
Gold:   48         SH:  0    Dex: 10    Spells: 5/6 levels left

rFire   . . .      SeeInvis .   f - +0 long sword
rCold   . . .      Faith    .   (no shield)
rNeg    + . .      Spirit   .   b - +0 robe
rPois   ∞          Reflect  .   (no helmet)
rElec   +          Harm     .   (no cloak)
rCorr   .          Rampage  .   (no gloves)
Will    .....                   (no boots)
Stlth   ++........              (no amulet)
HPRegen 0.06/turn               (no ring)
MPRegen 0.10/turn               (no ring)

@: paralysed
A: sickness immunity, AC +3, negative energy resistance 1, electricity
resistance, torment resistance 1, petrification resistance
a: no special abilities


You were on level 3 of the Dungeon.
You visited 1 branch of the dungeon, and saw 3 of its levels.

You collected 48 gold pieces.

Inventory:

Hand Weapons
 a - a +0 whip
 f - a +0 long sword (weapon)
Missiles
 c - 81 stones
Armour
 b - a +0 robe (worn)
Jewellery
 h - an amulet of guardian spirit
Scrolls
 d - 3 scrolls of identify {unknown}
 e - 2 scrolls of noise {unknown}
 g - a scroll of enchant armour {unknown}
 j - a scroll of holy word {unknown}
 k - a scroll of acquirement {unknown}
Potions
 i - a potion of brilliance {unknown}


   Skills:
 + Level 1.1 Fighting
 + Level 2.0 Dodging
 + Level 2.8 Stealth
 - Level 2.0 Spellcasting
 - Level 1.0 Transmutations
 * Level 4.4 Earth Magic


You had 5 spell levels left.
You knew the following spells:

 Your Spells              Type           Power      Damage    Failure   Level
a - Sandblast             Erth           28%        2d8       3%          1

Your spell library contained the following spells:

 Spells                   Type           Power      Damage    Failure   Level
 Passwall                 Tmut/Erth      7%         N/A       11%         2
 Stone Arrow              Conj/Erth      16%        3d8       26%         3
 Dazzling Flash           Conj/Hex       2%         N/A       54%         3
 Petrify                  Tmut/Erth      9%         N/A       58%         4
 Agony                    Necr           1%         N/A       99%         5
 Silence                  Hex/Air        0%         N/A       99%         5


Dungeon Overview and Level Annotations

Branches:
Dungeon (3/15)

Altars:
Xom

Annotations:
D:3 Ijyb


Innate Abilities, Weirdness & Mutations

You are immune to sickness and miasma.
Your stone body is resilient. (AC +3)
You are immune to poison.
You resist negative energy. (rN+)
You are resistant to electric shocks. (rElec)
You are resistant to unholy torment.
You are immune to petrification.


Message History

What level of the Dungeon? (default 1, ? - help)
There is a stone staircase leading down here.
You climb downwards.
There is a stone staircase leading up here.
Ijyb is nearby!
The blast of sand misses Ijyb.
Ijyb hits you with a +4 vampiric dagger!
The blast of sand hits Ijyb.
Ijyb is lightly wounded.
Ijyb zaps a wand.
You suddenly lose the ability to move!
Ijyb hits you with a +4 vampiric dagger.
You can move again.
The blast of sand hits Ijyb but does no damage.
Ijyb is lightly wounded.
Ijyb zaps a wand.
You resist with significant effort.
The blast of sand hits Ijyb but does no damage.
Ijyb is lightly wounded.
Ijyb zaps a wand.
You resist with significant effort.
The blast of sand hits Ijyb but does no damage.
Ijyb is lightly wounded.
Ijyb barely misses you.
The blast of sand hits Ijyb but does no damage.
Ijyb is lightly wounded.
Ijyb hits you with a +4 vampiric dagger.
You closely miss Ijyb.
Ijyb is lightly wounded.
Ijyb zaps a wand.
You resist with significant effort.
You closely miss Ijyb.
Ijyb is lightly wounded.
Ijyb barely misses you.
You hit Ijyb but do no damage.
Ijyb is lightly wounded.
Ijyb hits you with a +4 vampiric dagger.
* * * LOW HITPOINT WARNING * * *
Ijyb zaps a wand.
You suddenly lose the ability to move!
Ijyb hits you with a +4 vampiric dagger.
* * * LOW HITPOINT WARNING * * *
Ijyb zaps a wand.
You resist with significant effort.
Ijyb hits you with a +4 vampiric dagger.
You die...

##### .....
......####
......#.. #
.......g#.##.##
#@.......
######.##


You could see Ijyb.

Vanquished Creatures
  2 adders (D:2)
  2 ball pythons
  4 endoplasms
  A giant cockroach (D:1)
  3 goblins
  7 jackals
  2 kobolds (D:1)
  2 bats
  A frilled lizard (D:2)
  A rat (D:1)
25 creatures vanquished.

Notes
Turn   | Place    | Note
-------+----------+-------------------------------------------
     0 | D:1      | fragbeetle the Gargoyle Earth Elementalist began the quest
                  | for the Orb.
     0 | D:1      | Reached XP level 1. HP: 10/10 MP: 3/3
   332 | D:1      | Reached XP level 2. HP: 16/16 MP: 5/5
   387 | D:1      | Reached skill level 1 in Transmutations
   623 | D:1      | Reached skill level 4 in Earth Magic
  1002 | D:2      | Reached skill level 1 in Fighting
  1002 | D:2      | Reached XP level 3. HP: 7/20 MP: 2/6
  1522 | D:2      | Found a shimmering altar of Xom.
  1862 | D:3      | Noticed Ijyb
  1864 | D:3      | Paralysed by Ijyb for 2 turns
  1872 | D:3      | Paralysed by Ijyb for 7 turns
  1873 | D:3      | HP: 1/20 [Ijyb (3)]
  1875 | D:3      | Slain by Ijyb

Illustrated notes

Levels and vault maps discovered:
D:1:      pf_arrival_petrified_forest, layout_loops_ring
D:2:      layout_basic, basic_altar, nrook_mini_vaults
D:3:      layout_loops_ring, dreamdust_ecumenical_altar_hidden_monk_grotto,
          kennysheep_decorative_pillar, minmay_misc_feat_enclosed,
          grunt_decor_arrowhead, goddamned_bats, uniq_ijyb, uniq_robin

Skill      XL: |  1  2  3 |
---------------+----------+-----
Transmutations | 1 |  1.0
Earth Magic    | 4 |  4.4
Fighting       | 1 |  1.1
Dodging        | 2 |  2.0
Stealth        | |  2.8
Spellcasting   | |  2.0

Action                   || total
-------------------------++-------
Melee: Whip              ||     4
       Long sword        ||    52
       Unarmed           ||     2
       Punch             ||     2
 Cast: Sandblast         ||    13
 Stab: Sleeping          ||     3
Armor: Robe              ||    28
Dodge: Dodged            ||    39

Table legend: (Time is in decaauts)
 A = Elapsed time spent in this place.
 B = Non-inter-level travel time spent in this place.
 C = Inter-level travel time spent in this place.
 D = Time resting spent in this place.
 E = Time spent auto-exploring this place.
 F = Levels seen in this place.
 G = Mean time per level.
                   A        B        C        D        E       F      G
               +--------+--------+--------+--------+--------+-----+--------+
         Total |   1894 |   1859 |     35 |    338 |   1227 |   3 |  631.3 |
       Dungeon |   1894 |   1859 |     35 |    338 |   1227 |   3 |  631.3 |
               +--------+--------+--------+--------+--------+-----+--------+

Top non-repeatable levels by time:
     D:2: 967 daAuts
     D:1: 913 daAuts
     D:3: 13 daAuts
